 Dungeon Crawl Stone Soup version 0.30-a0-263-ge22c4ad894 (webtiles) character file.

Game seed: 4644637017536601846

14 Lanoc the Covered (level 2, 0/22 HPs)
             Began as a Meteoran Wanderer on Oct 13, 2022.
             Was a Follower of Fedhas.
             Succumbed to an adder's poison
             ... on level 3 of the Dungeon.
             The game lasted 00:02:19 (284 turns).

Lanoc the Covered (Meteoran Wanderer)                Turns: 284, Time: 00:02:20

Health: 0/22       AC:  8    Str: 15    XL:     2   Next: 76%
Magic:  5/5        EV:  9    Int: 11    God:    Fedhas [*.....]
Gold:   19         SH:  0    Dex: 13    Spells: 1/3 levels left

rFire   . . .      SeeInvis .    a - +2 hand axe
rCold   . . .      Faith    .    (no shield)
rNeg    . . .      Spirit   .    i - +0 scale mail
rPois   .          Reflect  .    (no helmet)
rElec   .          Harm     .    (no cloak)
rCorr   .          Rampage  .    (no gloves)
Will    .....                    g - +0 pair of boots
Stlth   ..........               (no amulet)
HPRegen 0.23/turn                (no ring)
MPRegen 0.09/turn                (no ring)

@: brilliant, lethally poisoned (0 -> -4), attractive, glowing
A: sense surroundings 1, otherworldly, glowing, explore regen
a: Renounce Religion


You were on level 3 of the Dungeon.
You worshipped Fedhas.
Fedhas was aware of your devotion.
You visited 1 branch of the dungeon, and saw 3 of its levels.

You collected 19 gold pieces.

Inventory:

Hand Weapons
 a - a +2 hand axe (weapon)
Armour
 g - a +0 pair of boots (worn)
 i - a +0 scale mail (worn)
Wands
 b - a wand of flame (3)
Scrolls
 e - a scroll of acquirement {unknown}
Potions
 h - a potion of heal wounds {unknown}


   Skills:
 + Level 0.7 Fighting
 - Level 2.4(2.6) Axes
 * Level 1.6(2.4) Maces & Flails
 + Level 3.8 Armour
 + Level 1.6 Dodging
 - Level 1.3 Spellcasting
 - Level 1.2 Conjurations
 - Level 1.2 Invocations
 - Level 1.2 Evocations


You had one spell level left.
You knew the following spells:

 Your Spells              Type           Power      Damage    Failure   Level
a - Shock                 Conj/Air       12%        1d3       65%         1
b - Apportation           Tloc           2%         N/A       75%         1

Your spell library contained the following spells:

 Spells                   Type           Power      Damage    Failure   Level
 Dazzling Flash           Conj/Hex       6%         N/A       95%         3
 Alistair's Intoxication  Tmut/Pois      0%         N/A       100%        5


Dungeon Overview and Level Annotations

Branches:
Dungeon (3/15) Zot: 1511

Altars:
Fedhas


Innate Abilities, Weirdness & Mutations

You passively map a small area around you.
You are easily found by Zot.
You glow in the dark.
You regain HP and MP as you explore.


Message History

The orc shouts!
Found three items.
There is a stone staircase leading up here.
The adder barely misses you.
You closely miss the adder. The adder bites you but does no damage.
An orc priest comes into view. It is wielding a +0 dagger.
A frilled lizard comes into view.
You closely miss the adder.
The orc priest shouts!
Your punch misses the adder. The adder closely misses you.
The orc priest mumbles some strange prayers to Beogh against you.
Beogh smites you! The adder barely misses you.
You barely miss the adder. The adder bites you.
You are poisoned.
The adder poisons you!
You are too injured to fight recklessly!
You hit the endoplasm but do no damage. You barely miss the adder.
You feel sick. The adder bites you but does no damage.
The endoplasm freezes you.
You are frozen.
* * * LOW HITPOINT WARNING * * *
The adder bites you.
* * * LOW HITPOINT WARNING * * *
You are lethally poisoned!
The adder poisons you!
It was a potion of brilliance.
You feel clever all of a sudden.
* * * LOW HITPOINT WARNING * * *
You feel sick. The endoplasm closely misses you.
The adder bites you but does no damage. The adder attacks as you move away!
The adder bites you but does no damage. The orc attacks as you move away!
The orc hits you but does no damage.
* * * LOW HITPOINT WARNING * * *
You feel sick.
The endoplasm hits you but does no damage.
There is a stone staircase leading up here.
It was a potion of attraction.
You feel attractive to monsters.
You die...
Fedhas appreciates your contribution to the ecosystem.

,
...........
,
..........
,
..........
, * *
......... ,
,,
.....o... ,
* #.ol.....
* *
#oo....# ,
##S#* ** *
*, #@J# , *
#.## , *
#.# , * *
,.?. * ,
..?.
,....., , *
...... , ,
, ....... *
,


You could see an orc priest, an adder, 3 orcs, an endoplasm and a frilled
lizard.

Vanquished Creatures
  A dart slug (D:1)
  An endoplasm (D:1)
  2 goblins (D:1)
  A hobgoblin (D:1)
  2 quokkas (D:1)
  4 bats
11 creatures vanquished.

Notes
Turn   | Place    | Note
-------+----------+-------------------------------------------
     0 | D:1      | Lanoc the Meteoran Wanderer began the quest for the Orb.
     0 | D:1      | Lanoc set off with the following items: a +2 hand axe, a
                  | wand of flame (3), a +0 leather armour; and the following
                  | spell memorised: Shock; and the following spells available
                  | to memorise: Dazzling Flash.
     0 | D:1      | Reached XP level 1. HP: 14/14 MP: 3/3
    30 | D:1      | Learned a level 1 spell: Apportation
    55 | D:1      | Found a faded altar of an unknown god.
    75 | D:1      | Prayed at the altar of an unknown god.
    75 | D:1      | Became a worshipper of Fedhas Madash
    75 | D:1      | Reached * piety under Fedhas
   187 | D:1      | Reached skill level 1 in Maces & Flails
   187 | D:1      | Reached XP level 2. HP: 13/22 MP: 5/5
   283 | D:3      | HP: 1/22 [poisoned by an adder]
   284 | D:3      | Succumbed to an adder's poison

Illustrated notes

Levels and vault maps discovered:
D:1:      roderic_dead_forest, layout_basic,
          ebering_ecumenical_altar_sacrificial, serial_shops, shop
D:2:      layout_rooms, minmay_misc_feat_four_crosses, nicolae_eternal_life
D:3:      cheibrodos_old_hovel, layout_rooms, amcnicky_altar_gilded,
          gammafunk_ghost_nasty_kobolds, uniq_terence, uniq_crazy_yiuf_cottage

Skill      XL: |  1 |
---------------+----+-----
Maces & Flails | 1 |  1.6
Fighting       | |  0.7
Axes           | |  2.4
Armour         | |  3.8
Dodging        | |  1.6
Spellcasting   | |  1.3
Conjurations   | |  1.2
Invocations    | |  1.2
Evocations     | |  1.2

Action                   || total
-------------------------++-------
Melee: Hand axe          ||    31
       Punch             ||     1
 Cast: Shock             ||     1
  Use: Potion            ||     2
Armor: Leather armour    ||    17
       Scale mail        ||     6
Dodge: Dodged            ||    28

Table legend: (Time is in decaauts)
 A = Elapsed time spent in this place.
 B = Non-inter-level travel time spent in this place.
 C = Inter-level travel time spent in this place.
 D = Time resting spent in this place.
 E = Time spent auto-exploring this place.
 F = Levels seen in this place.
 G = Mean time per level.
                   A        B        C        D        E       F      G
               +--------+--------+--------+--------+--------+-----+--------+
         Total |    288 |    288 |      0 |      0 |    159 |   3 |   96.0 |
       Dungeon |    288 |    288 |      0 |      0 |    159 |   3 |   96.0 |
               +--------+--------+--------+--------+--------+-----+--------+

Top non-repeatable levels by time:
     D:1: 239 daAuts
     D:2: 40 daAuts
     D:3: 8 daAuts
